 Dungeon Crawl Stone Soup version 0.30.1-9-gdf580d7c3d (webtiles) character file.

Game seed: 1260547495076209616

981 Peloso the Slasher (level 7, -4/63 HPs)
             Began as a Minotaur Fighter on Oct 12, 2023.
             Succumbed to Edmund's poison
             ... on level 4 of the Dungeon.
             The game lasted 00:03:46 (2982 turns).

Peloso the Slasher (Minotaur Fighter)               Turns: 2982, Time: 00:03:46

Health: -4/63      AC: 11    Str: 20    XL:     7   Next: 96%
Magic:  6/6        EV: 13    Int:  9    God:
Gold:   145        SH:  4    Dex: 10    Spells: 6/6 levels left

rFire   . . .        a - +0 long sword
rCold   . . .        d - +0 buckler
rNeg    . . .        c - +0 chain mail
rPois   .            (helmet restricted)
rElec   .            (no cloak)
rCorr   .            t - +0 pair of gloves
SInv    .            (no boots)
Will    .....        (no amulet) Stlth
                     i - +5 ring of evasion
HPRegen 0.30/turn    (no ring)
MPRegen 0.10/turn

%: no passive effects
@: lethally poisoned (-4 -> -36)
A: horns 2, retaliatory headbutt, clever 1, mutation resistance 1
a: no special abilities


You were on level 4 of the Dungeon.
You visited 1 branch of the dungeon, and saw 4 of its levels.

You collected 145 gold pieces.

Inventory:

Hand Weapons
 a - a +0 long sword (weapon)
Armour
 b - a +0 scale mail
 c - a +0 chain mail (worn)
 d - a +0 buckler (worn)
 t - a +0 pair of gloves (worn)
Jewellery
 i - a +5 ring of evasion (left hand)
 n - a ring of magical power
 o - a ring of see invisible
Wands
 p - a wand of charming (10)
Scrolls
 e - 2 scrolls of noise {unknown}
 f - 5 scrolls of identify {unknown}
 g - a scroll of magic mapping {unknown}
 q - 2 scrolls of enchant weapon {unknown}
 r - a scroll of brand weapon {unknown}
 s - a scroll of blinking {unknown}
 u - a scroll of teleportation {unknown}
 v - a scroll of enchant armour {unknown}
Potions
 h - a potion of heal wounds {unknown}
 j - a potion of might
 k - a potion of mutation
 m - a potion of flight {unknown}
 w - a potion of curing {unknown}
 x - a potion of invisibility {unknown}
 z - a potion of ambrosia {unknown}


   Skills:
 + Level 6.2 Fighting
 + Level 7.8 Long Blades
 + Level 6.0 Armour
 + Level 1.4 Dodging
 + Level 0.4 Stealth
 + Level 4.9 Shields


You had 6 spell levels left.
You didn't know any spells.
Your spell library was empty.

Dungeon Overview and Level Annotations

Branches:
Dungeon (5/15)
 Temple: D:4-7

Altars:
Cheibriados

Annotations:
D:4 Edmund


Innate Abilities, Weirdness & Mutations

You have a pair of horns on your head.
You reflexively headbutt those who attack you in melee.
Your mind is acute. (Int +4, Str/Dex -1)
You are somewhat resistant to further mutation.


Message History

There is a stone staircase leading up here.
Edmund shouts!
Edmund is nearby!
Edmund is nearby!
Edmund hits you with a +1 flail of venom!
You are poisoned.
You barely miss Edmund.
You feel very sick. Edmund hits you but does no damage.
You are more poisoned.
You hit Edmund but do no damage.
You feel very sick.
Edmund hits you with a +1 flail of venom.
You are more poisoned.
You hit Edmund.
Edmund is lightly wounded.
You feel very sick.
Edmund says, "People think my brother is the best.
I think he's crazy."
Edmund hits you with a +1 flail of venom.
You are lethally poisoned!
You closely miss Edmund.
Edmund is lightly wounded.
You feel extremely sick.
Edmund hits you with a +1 flail of venom.
You are more poisoned.
You barely miss Edmund.
Edmund is lightly wounded.
* * * LOW HITPOINT WARNING * * *
You feel extremely sick.
Edmund hits you with a +1 flail of venom.
* * * LOW HITPOINT WARNING * * *
It was a potion of mutation.
You feel extremely strange.
You feel clever.
You feel genetically stable.
* * * LOW HITPOINT WARNING * * *
You feel very sick.
Edmund hits you with a +1 flail of venom.
* * * LOW HITPOINT WARNING * * *
You are more poisoned.
It was a potion of magic.
Magic courses through your body.
You die...

..........#.##.####.....#
#.#
..........#.##.##.......#
#.#
..................#.....#
#.#
...##.......#..####.....#
#.#
...##########.##.......##
###.# [..#
#.##.#####.######...#
...#
#.##.#####......#.###
...# #.##@........##.#.#
...# #.##@##.##.#.##.#.#
...# #.......##.#(.....#
#.## ####.......####.###
... #.#####......# .. #..
..(###### .# #### ### . .


You could see Edmund.

Vanquished Creatures
  Grinder (D:5)
  A steam dragon (D:5)
  2 ice beasts (D:5)
  A black bear (D:5)
  A centaur (D:5)
  2 scorpions (D:5)
  4 hounds (D:5)
  A jelly (D:4)
  3 adders
  A shadow imp (D:5)
  An ufetubus (D:4)
  A worm (D:2)
  A dart slug (D:5)
  3 bats (D:2)
  5 endoplasms
  3 giant cockroaches
  A goblin (D:1)
  4 hobgoblins
  4 jackals
  A kobold (D:1)
  3 quokkas
  4 ball pythons
  A frilled lizard (D:1)
  3 rats
52 creatures vanquished.

Notes
Turn   | Place    | Note
-------+----------+-------------------------------------------
     0 | D:1      | Peloso the Minotaur Fighter began the quest for the Orb.
     0 | D:1      | Reached XP level 1. HP: 19/19 MP: 0/0
   179 | D:1      | Reached XP level 2. HP: 24/27 MP: 1/1
   877 | D:2      | Reached XP level 3. HP: 33/33 MP: 2/2
  1090 | D:2      | Reached skill level 3 in Long Blades
  1230 | D:2      | You fall into a shaft and drop 2 floors!
  1285 | D:4      | Reached XP level 4. HP: 39/41 MP: 3/3
  1540 | D:4      | Noticed Edmund
  1554 | D:5      | Entered Level 5 of the Dungeon
  1554 | D:5      | Noticed an ice beast
  1565 | D:5      | Killed an ice beast
  1566 | D:5      | Reached skill level 4 in Long Blades
  1566 | D:5      | Reached XP level 5. HP: 13/47 MP: 4/4
  1695 | D:5      | Noticed an ice beast
  1715 | D:5      | Killed an ice beast
  1716 | D:5      | Reached skill level 5 in Fighting
  1716 | D:5      | Reached skill level 5 in Long Blades
  1716 | D:5      | Reached XP level 6. HP: 29/56 MP: 5/5
  1951 | D:5      | Reached skill level 5 in Armour
  2005 | D:5      | Reached skill level 6 in Long Blades
  2005 | D:5      | Reached skill level 1 in Dodging
  2049 | D:5      | Found a snail-covered altar of Cheibriados.
  2250 | D:5      | Reached XP level 7. HP: 51/61 MP: 6/6
  2483 | D:5      | Noticed a steam dragon
  2490 | D:5      | Reached skill level 7 in Long Blades
  2496 | D:5      | Killed a steam dragon
  2695 | D:5      | Noticed Grinder
  2705 | D:5      | Killed Grinder
  2981 | D:4      | Gained mutation: Your mind is acute. (Int +4, Str/Dex -1)
                  | [potion of mutation]
  2981 | D:4      | Gained mutation: You are somewhat resistant to further
                  | mutation. [potion of mutation]
  2981 | D:4      | HP: 3/63 [poisoned by Edmund]
  2982 | D:4      | Succumbed to Edmund's poison

Illustrated notes

Levels and vault maps discovered:
D:1:      minmay_arrival_stone_box, layout_basic
D:2:      layout_basic, kennysheep_another_room, uniq_sigmund
D:4:      layout_loops_cross, uniq_edmund
D:5:      layout_basic, mainiacjoe_overflow_alcove_4, kennysheep_big_empty_room,
          uniq_grinder

Skill      XL: |  1  2  3  4  5  6  7 |
---------------+----------------------+-----
Shields        | 4 |  4.9
Fighting       | 4 5 6 |  6.2
Armour         | 4 5 6 |  6.0
Long Blades    | 3 4 5 6 7 |  7.8
Dodging        | 1 |  1.4
Stealth        | |  0.4

Action                     |  1- 3 |  4- 6 |  7- 9 || total
---------------------------+-------+-------+-------++-------
  Melee: Long sword        |    71 |    57 |    30 ||   158
         Headbutt          |    14 |     8 |     7 ||    29
    Use: Potion            |       |       |     2 ||     2
 Armour: Scale mail        |    21 |       |       ||    21
         Chain mail        |    18 |    26 |    20 ||    64
  Dodge: Dodged            |    45 |    41 |    19 ||   105
  Block: Buckler           |    26 |    15 |     8 ||    49
